 Dungeon Crawl Stone Soup version 0.17-a0-119-g2b06fc5 (webtiles) character file.

5131 Kaesh the Basher (level 10, -5/165 HPs)
             Began as an Ogre Berserker on Mar 20, 2015.
             Was a High Priest of Trog.
             Slain by an unseen horror (7 damage)
             ... on level 8 of the Dungeon on Mar 21, 2015.
             The game lasted 00:34:28 (9504 turns).

Kaesh the Basher (Ogre Berserker)                   Turns: 9504, Time: 00:34:29

Health: -5/165     AC:  9    Str: 29      XL:     10   Next: 58%
Magic:  10/10      EV: 17    Int:  4 (6)  God:    Trog [*****.]
Gold:   464        SH:  0    Dex: 12      Spells: 0 memorised, 9 levels left

rFire  x . .     SeeInvis .     W - +1 flail (protect)
rCold  + + .     Clarity  .     X - +0 robe {rC+}
rNeg   . . .     SustAb   .     (shield restricted)
rPois  .         Gourm    .     (helmet restricted)
rElec  .         Spirit   .     r - +0 cloak
rCorr  .         Warding  .     (gloves unavailable)
rMut   .         Stasis   .     (boots unavailable)
MR     +....                    (no amulet)
Stlth  ..........               S - ring of ice
                                N - +4 ring of evasion

@: berserking (expiring), very slightly contaminated, invisible, very quick,
somewhat resistant to hostile enchantments, extremely unstealthy
A: unfitting armour, tough skin 1
a: Burn Spellbooks, Berserk, Trog's Hand, Brothers in Arms, Renounce Religion


You were on level 8 of the Dungeon.
You worshipped Trog.
Trog was extremely pleased with you.
You were hungry.

You visited 1 branch of the dungeon, and saw 8 of its levels.
You also visited: Sewer and Ossuary.

You collected 464 gold pieces.

Inventory:

Hand weapons
 W - a +1 flail of protection (weapon)
Armour
 r - a +0 cloak (worn)
 X - a +0 robe of cold resistance (worn)
Jewellery
 N - a +4 ring of evasion (left hand)
 S - a ring of ice (right hand)
Magical devices
 p - a wand of flame (30)
 H - a wand of draining (1)
 J - a wand of hasting (5)
 O - a wand of digging (9)
 Q - a wand of slowing (23)
Scrolls
 d - 6 scrolls of identify
 e - a scroll of brand weapon {unknown}
 g - a scroll of blinking {unknown}
 h - 5 scrolls of remove curse
 i - 2 scrolls of enchant weapon {unknown}
 j - 2 scrolls of immolation {unknown}
 k - 5 scrolls of enchant armour {unknown}
 l - 2 scrolls of amnesia {unknown}
 o - 3 scrolls of fog {unknown}
 q - 6 scrolls of random uselessness {unknown}
 w - 2 scrolls of fear {unknown}
 y - 2 scrolls of recharging {unknown}
 C - 2 scrolls of teleportation {unknown}
 E - 2 scrolls of magic mapping {unknown}
 I - a scroll of silence {unknown}
Potions
 n - a potion of poison
 s - a potion of lignification
 t - a potion of invisibility
 z - 3 potions of heal wounds
 B - 2 potions of haste
 D - 2 potions of magic
 K - 2 potions of agility
 R - a potion of brilliance
Comestibles
 c - 2 meat rations
 f - 8 bread rations
 m - 3 beef jerkies
 v - a royal jelly
 F - 19 fruits


   Skills:
 + Level 10.0 Fighting
 + Level 10.7 Maces & Flails
 + Level 5.6 Armour
 + Level 8.4 Dodging
 - Level 1.5 Stealth


You had 9 spell levels left.
You didn't know any spells.

Dungeon Overview and Level Annotations

Branches:
Dungeon (8/15)             Temple (0/1) D:7            Lair (0/8) D:8

Altars:
Fedhas
Gozag
Ru
Xom
Zin
The Shining One

Shops:
D:7 *


Innate Abilities, Weirdness & Mutations

You are too large for most types of armour.
You have tough skin (AC +1).


Message History

* * * LOW HITPOINT WARNING * * *
Something hits you but does no damage. Something hits you.
* * * LOW HITPOINT WARNING * * *
Something barely misses you. Something hits you but does no damage.
Something hits you.
* * * LOW HITPOINT WARNING * * *
Something hits you but does no damage.
You barely miss something. Something hits you but does no damage.
Unknown command.
Use which ability? (? or * to list)
A red film seems to cover your vision as you go berserk!
You feel yourself moving faster!
You feel mighty!
You feel somewhat more hungry. Something hits you but does no damage.
Something hits you.
* * * LOW HITPOINT WARNING * * *
You feel a strong urge to attack something.
Something hits you.
* * * LOW HITPOINT WARNING * * *
Something hits you!
You die...

.....#...#........#
.....#...#........#
.....#...'........#
.....'...#........##########
.....#...#......)[.........#
.....#..#####.....)........#
.....#..#####.####.........#
.....#..##.......#.........#
.....#..##....##@#.........#
.....#..##.....#.#.........#
.....#......._.....'########
.....#...#.#.....##.......#
.....#...#.##....##.......#
.....#...#.......##.......#
.....#...####.#####.......#
.....#........#####.......#
.....#...........#........#


There were no monsters in sight!

Vanquished Creatures
  A spiny frog (D:8)
  4 wandering mushrooms (D:8)
  A blink frog (D:8)
  2 yaks (D:8)
  The ghost of aronpayne the Skirmisher, an average DsBe of Trog (D:4)
  A steam dragon (D:8)
  A hippogriff (D:7)
  Edmund (D:8)
  A water moccasin (D:6)
  A phantom (D:6)
  2 black bears
  A necrophage (D:8)
  A sky beast (D:5)
  An ogre (D:8)
  3 centaurs
  Sigmund (D:6)
  2 elf zombies (Ossuary)
  Blork the orc (D:6)
  5 giant frogs
  4 scorpions
  5 killer bees (D:8)
  5 wights (D:7)
  2 oklob saplings (D:8)
  3 crimson imps
  3 centaur zombies
  3 hounds
  A jelly (D:6)
  2 orc priests (D:5)
  A centaur skeleton (D:5)
  A giant frog skeleton (D:8)
  4 iguanas
  Natasha (thrice) (D:6)
  4 orc wizards
  4 worker ants
  A big kobold zombie (Ossuary)
  Jessica (D:2)
  A hound zombie (D:7)
  3 mummies
  2 worker ant zombies
  3 river rats (Sewer)
  19 adders
  A shadow imp (D:6)
  A white imp (D:6)
  4 giant mites
  2 worms
  An adder zombie (Ossuary)
  7 giant geckos
  15 orcs
  13 ball pythons
  16 bats
  A bat zombie (D:7)
  7 giant cockroaches
  17 hobgoblins
  13 jackals
  4 quokkas
  8 giant newts
  11 goblins
  2 goblin zombies (Ossuary)
  12 hobgoblin zombies
  2 jackal skeletons
  2 jackal zombies (Ossuary)
  9 kobolds
  6 kobold zombies
  10 orc zombies (Ossuary)
  38 rats
  2 rat zombies (Ossuary)
  10 ballistomycetes (D:8)
320 creatures vanquished.

Vanquished Creatures (others)
  A giant spore (D:8)
1 creature vanquished.

Grand Total: 321 creatures vanquished

Notes
Turn   | Place    | Note
--------------------------------------------------------------
     0 | D:1      | Kaesh, the Ogre Berserker, began the quest for the Orb.
     0 | D:1      | Reached XP level 1. HP: 24/24 MP: 1/1
   265 | D:1      | Reached XP level 2. HP: 22/32 MP: 2/2
  1076 | D:2      | Reached XP level 3. HP: 13/40 MP: 3/3
  1083 | D:2      | Acquired Trog's second power
  1511 | D:2      | Reached skill level 5 in Maces & Flails
  1543 | D:2      | Reached XP level 4. HP: 42/49 MP: 4/4
  2037 | D:2      | Noticed Jessica
  2042 | D:2      | Killed Jessica
  2410 | D:3      | Reached XP level 5. HP: 42/55 MP: 5/5
  2475 | D:3      | Reached skill level 5 in Fighting
  2541 | D:3      | Found a glowing silver altar of Zin.
  2591 | D:3      | Found a sacrificial altar of Ru.
  2654 | D:4      | Noticed aronpayne's ghost (average DsBe)
  2662 | D:4      | Killed aronpayne's ghost
  2662 | D:4      | Reached XP level 6. HP: 66/66 MP: 6/6
  3185 | D:5      | Entered Level 5 of the Dungeon
  3190 | D:5      | Reached skill level 1 in Stealth
  3195 | D:5      | Acquired Trog's third power
  3445 | D:5      | Reached XP level 7. HP: 70/74 MP: 7/7
  3456 | D:5      | Reached skill level 6 in Fighting
  3465 | D:5      | Found a glowing drain.
  3502 | Sewer    | Entered a sewer
  3697 | Sewer    | Reached skill level 5 in Dodging
  4198 | D:5      | Reached XP level 8. HP: 54/84 MP: 8/8
  4542 | D:5      | Reached skill level 7 in Maces & Flails
  5314 | D:6      | Noticed Sigmund
  5317 | D:6      | Found an opulent altar of Gozag.
  5327 | D:6      | Killed Sigmund
  5463 | D:6      | Reached skill level 8 in Maces & Flails
  5487 | D:6      | Noticed Natasha
  5497 | D:6      | Killed Natasha
  5778 | D:6      | Reached XP level 9. HP: 75/94 MP: 9/9
  5798 | D:6      | Noticed Blork the orc
  5804 | D:6      | Noticed Natasha
  5817 | D:6      | Killed Natasha
  5821 | D:6      | Killed Blork the orc
  6192 | D:6      | Received a gift from Trog
  6211 | D:6      | Found a shimmering altar of Xom.
  6249 | D:6      | Noticed Natasha
  6260 | D:6      | Killed Natasha
  6656 | D:7      | Found a sand-covered staircase.
  6661 | Ossuary  | Entered an ossuary
  6775 | Ossuary  | Reached skill level 9 in Maces & Flails
  6944 | D:7      | Found a staircase to the Ecumenical Temple.
  7299 | D:7      | Found Thicahes' General Store.
  7669 | D:8      | Found a glowing golden altar of the Shining One.
  7680 | D:8      | Noticed Edmund
  7687 | D:8      | Killed Edmund
  7884 | D:8      | Reached XP level 10. HP: 107/107 MP: 10/10
  7956 | D:8      | Noticed a wandering mushroom
  7958 | D:8      | Killed a wandering mushroom
  7958 | D:8      | Reached skill level 10 in Maces & Flails
  7963 | D:8      | Noticed a wandering mushroom
  7978 | D:8      | Killed a wandering mushroom
  8224 | D:8      | Found a blossoming altar of Fedhas.
  8224 | D:8      | Noticed a wandering mushroom
  8224 | D:8      | Noticed a wandering mushroom
  8237 | D:8      | Killed a wandering mushroom
  8237 | D:8      | Reached skill level 5 in Armour
  8243 | D:8      | Killed a wandering mushroom
  8572 | D:8      | Found a staircase to the Lair.
  8573 | D:8      | Noticed a spiny frog
  8578 | D:8      | Killed a spiny frog
  8992 | D:8      | Reached skill level 10 in Fighting
  9499 | D:8      | HP: 2/110 [something (5)]
  9504 | D:8      | HP: 2/165 [something (2)]
  9504 | D:8      | Slain by an unseen horror

Action                   |  1- 3 |  4- 6 |  7- 9 | 10-12 || total
-------------------------+-------+-------+-------+-------++-------
Melee: Mace              |    80 |   160 |   477 |       ||   717
       Flail             |       |       |    34 |   122 ||   156
Invok: Burn Spellbooks   |       |     1 |       |       ||     1
       Berserk           |       |     1 |       |     3 ||     4
  Use: Potion            |       |     5 |     9 |     4 ||    18
       Scroll            |       |       |       |     2 ||     2
 Stab: Sleeping          |       |       |     3 |     1 ||     4
  Eat: Chunk             |     1 |     8 |    16 |     5 ||    30
       Fruit             |       |       |       |     2 ||     2
